 Dungeon Crawl Stone Soup version 0.27.1 (webtiles) character file.

Game seed: 9411067916335262009

73 Tinkle the Chopper (level 4, -2/41 HPs)
             Began as a Minotaur Berserker on Aug 31, 2021.
             Was a Follower of Trog.
             Slain by a gnoll (3 damage)
             ... on level 2 of the Dungeon.
             The game lasted 00:03:54 (1594 turns).

Tinkle the Chopper (Minotaur Berserker)             Turns: 1594, Time: 00:03:54

Health: -2/41      AC:  2    Str: 22    XL:     4   Next: 8%
Magic:  3/3        EV: 12    Int:  4    God:    Trog [*.....]
Gold:   67         SH:  0    Dex: 10    Spells: 3/3 levels left

rFire    . . .     SeeInvis .   a - +0 hand axe
rCold    . . .     Faith    .   (no shield)
rNeg     . . .     Spirit   .   b - +0 animal skin
rPois    .         Reflect  .   (helmet restricted)
rElec    .         Harm     .   (no cloak)
rCorr    .         Rampage  .   (no gloves)
Will     .....                  (no boots)
Stlth    +.........             (no amulet)
HPRegen  0.13/turn              (no ring)
MPRegen  0.08/turn              (no ring)

@: on berserk cooldown, slowed, very slow
A: horns 2, retaliatory headbutt
a: Renounce Religion, Berserk


You were on level 2 of the Dungeon.
You worshipped Trog.
Trog was aware of your devotion.
You visited 1 branch of the dungeon, and saw 2 of its levels.

You collected 67 gold pieces.

Inventory:

Hand Weapons
 a - a +0 hand axe (weapon)
Missiles
 e - 29 poisoned darts (quivered)
Armour
 b - a +0 animal skin (worn)
Scrolls
 c - a scroll of identify {unknown}
 d - a scroll of teleportation {unknown}
 g - a scroll of summoning {unknown}
Potions
 f - 2 potions of invisibility {unknown}
 h - a potion of ambrosia {unknown}
 i - a potion of lignification {unknown}


   Skills:
 + Level 4.5 Fighting
 * Level 5.3 Axes
 - Level 2.4 Armour
 - Level 2.1 Dodging


You had 3 spell levels left.
You didn't know any spells.
Your spell library was empty.

Dungeon Overview and Level Annotations

Branches:
Dungeon (2/15)

Altars:
Elyvilon


Innate Abilities, Weirdness & Mutations

You have a pair of horns on your head.
You reflexively headbutt those who attack you in melee.


Message History

Huge Dmg: -35%(-12hp) hp: 45%(15hp)
A red film seems to cover your vision as you go berserk!
You feel yourself moving faster!
You feel mighty! The gnoll closely misses you.
The gnoll hits you with a +0 flail.
You slash the gnoll!
You kill the gnoll!
Trog accepts your kill. The gnoll closely misses you.
Things that are here:
a +0 flail; a gnoll corpse You feel a strong urge to attack something.
The gnoll hits you with a +0 halberd!
* * * LOW HITPOINT WARNING * * *
Huge Dmg: -14%(-7hp) hp: 30%(15hp)
You closely miss the gnoll. You headbutt the gnoll!
The gnoll is severely wounded.
The gnoll closely misses you. You furiously retaliate!
You headbutt the gnoll!!
You kill the gnoll!
Trog accepts your kill.
You have reached level 4!
You feel agile.
You see here a +0 halberd.
You feel a strong urge to attack something.
e - 29 poisoned darts (gained 1)
A gnoll comes into view. It is wielding a +0 halberd.
You are no longer berserk.
You are exhausted.
You feel yourself slow down.
The gnoll shouts!
You see here a poisoned dart.
Huge Dmg: -14%(-6hp) hp: 30%(12hp)
You barely miss the gnoll.
The gnoll hits you with a +1 whip of flaming!
* * * LOW HITPOINT WARNING * * *
The gnoll burns you.
* * * LOW HITPOINT WARNING * * *
The gnoll closely misses you. You furiously retaliate!
You headbutt the gnoll.
Huge Dmg: -27%(-11hp) hp: 3%(1hp)
The gnoll hits you with a +1 whip of flaming.
You die...

. ###.#.### .
########...#...#### #
#........#####....# #
#.######...#...##.#.#
# #.#
#####.#.......... ##
#.# #.......#########
.###.####.###.#.#
......(...###.#)####
.........#....#.@g.#
#.##.###.#.#######(#
#.##.# #.#...>#....#
#.##.# #.####.#.#.##
#.##.# #.. # .g
#.##.# ### .#. #.##.#
###. .).#.# .. ... ##


You could see a gnoll.

Vanquished Creatures
  An iguana (D:2)
  2 gnolls (D:2)
  4 ball pythons (D:1)
  A bat (D:2)
  3 endoplasms
  A giant cockroach (D:1)
  2 goblins (D:1)
  3 jackals (D:1)
  4 kobolds
  3 quokkas (D:1)
  3 frilled lizards (D:1)
  3 rats
30 creatures vanquished.

Notes
Turn   | Place    | Note
-------+----------+-------------------------------------------
     0 | D:1      | Tinkle the Minotaur Berserker began the quest for the Orb.
     0 | D:1      | Reached XP level 1. HP: 19/19 MP: 0/0
   177 | D:1      | Reached skill level 4 in Axes
   183 | D:1      | Reached XP level 2. HP: 27/27 MP: 1/1
  1164 | D:2      | Found a white marble altar of Elyvilon.
  1184 | D:2      | Huge Dmg: 12 dmg
  1188 | D:2      | Reached skill level 5 in Axes
  1188 | D:2      | Reached XP level 3. HP: 29/34 MP: 2/2
  1195 | D:2      | Huge Dmg: 9 dmg
  1580 | D:2      | Huge Dmg: 8 dmg
  1583 | D:2      | Huge Dmg: 12 dmg
  1587 | D:2      | Huge Dmg: 7 dmg
  1588 | D:2      | Reached XP level 4. HP: 18/41 MP: 3/3
  1592 | D:2      | Huge Dmg: 6 dmg
  1592 | D:2      | HP: 1/41 [gnoll (3)]
  1593 | D:2      | Huge Dmg: 11 dmg
  1594 | D:2      | Slain by a gnoll

Illustrated notes

Levels and vault maps discovered:
D:1:      psy_arrival_heroes, layout_basic, minmay_cupped
D:2:      layout_loops_ring, basic_altar, uniq_terence

Skill      XL: |  1  2 |
---------------+-------+-----
Axes           | 4 5 |  5.3
Fighting       | 4 |  4.5
Armour         | |  2.4
Dodging        | |  2.1

Action                   |  1- 3 |  4- 6 || total
-------------------------+-------+-------++-------
Melee: Hand axe          |    53 |     1 ||    54
       Headbutt          |     9 |       ||     9
Throw: Dart              |     9 |       ||     9
Invok: Berserk           |     2 |       ||     2
Armor: Animal skin       |     8 |       ||     8
Dodge: Dodged            |    34 |     1 ||    35
